 Dungeon Crawl Stone Soup version 0.17.2-1-ge4368a0 (webtiles) character file.

46 tidbits the Scratcher (level 3, -2/17 HPs)
             Began as a Felid Chaos Knight on Sept 15, 2017.
             Was an Initiate of Makhleb.
             Slain by an orc zombie (3 damage)
             ... in an ossuary.
             The game lasted 00:09:12 (1267 turns).

tidbits the Scratcher (Felid Chaos Knight)          Turns: 1267, Time: 00:09:13

Health: -2/17      AC:  1    Str:  8    XL:     3   Next: 44%
Magic:  4/4        EV: 18    Int: 13    God:    Makhleb [......]
Gold:   106        SH:  0    Dex: 16    Spells: 0 memorised, 2 levels left
                                        Lives:  0   Deaths: 1

rFire  . . .     SeeInvis +       - Unarmed
rCold  . . .     Clarity  .     (armour unavailable)
rNeg   . . .     SustAt   .     (shield unavailable)
rPois  .         Gourm    .     (helmet unavailable)
rElec  .         Spirit   .     (cloak unavailable)
rCorr  .         Warding  .     (gloves unavailable)
rMut   .         Stasis   +     (boots unavailable)
MR     .....                    k - amulet of stasis
Stlth  +++.......               (no ring)
                                (no ring)

@: quick, not resistant to hostile enchantments, fairly stealthy
A: no armour, no weapons or thrown items, claws 1, fangs 3, see invisible,
carnivore 3, speed 1, shaggy fur 1, slow metabolism 1, sharp paws
a: Renounce Religion


You were in an ossuary.
You worshipped Makhleb.
Makhleb was noncommittal.
You were not hungry.

You visited 1 branch of the dungeon, and saw 5 of its levels.
You also visited: Ossuary.

You collected 106 gold pieces.

Inventory:

Missiles
 f - 12 arrows of frost
 n - 18 arrows
Jewellery
 k - an amulet of stasis (around neck)
   (You found it on level 2 of the Dungeon)
Scrolls
 b - a scroll of identify
 d - a scroll of remove curse
 e - a scroll of fear {unknown}
 g - a scroll of blinking {unknown}
 h - a scroll of immolation {unknown}
 i - a scroll of enchant weapon {unknown}
 j - 2 scrolls of teleportation
 l - a scroll of recharging {unknown}
 m - a scroll of amnesia {unknown}
Potions
 c - 2 potions of brilliance
Comestibles
 a - 2 meat rations


   Skills:
 - Level 3.0 Fighting
 - Level 3.2 Dodging
 + Level 3.2 Stealth
 * Level 4.6 Unarmed Combat


You had 2 spell levels left.
You didn't know any spells.

Dungeon Overview and Level Annotations

Branches:
Dungeon (5/15)             Temple (0/1) D:4

Altars:
Ashenzari
Elyvilon
Fedhas
Makhleb
The Shining One


Innate Abilities, Weirdness & Mutations

You cannot wear armour.
You are incapable of wielding weapons or throwing items.
You have sharp claws.
You have razor-sharp teeth.
You have supernaturally acute eyesight.
You are carnivorous and can eat meat at any time.
You cover ground quickly.
You are covered in fur (AC +1).
You have a slow metabolism.
Your sharp claws are effective at attacking unaware monsters.


Message History

t - Meow!
Orders for allies: a - Attack new target. r - Retreat! s - Stop attacking. w - Wait here. f - Follow me.
Anything else - Stay silent.
You meow for attention!
You hear a shout!
You hear a shout!
You hear a shout!
What do you say? t - Meow!
Orders for allies: a - Attack new target. r - Retreat! s - Stop attacking. w - Wait here. f - Follow me.
Anything else - Stay silent.
You meow for attention!
You hear a shout!
An orc comes into view. It is wielding a flail.
Things that are here:
a hand axe; a chain mail; 3 gold pieces You completely miss the orc.
The orc hits you with a flail.
You scratch the orc.
The orc is severely wounded.
The orc barely misses you.
You scratch the orc.
You kill the orc!
Makhleb accepts your kill. The orc priest closely misses you.
The orc priest barely misses you.
You see here a flail.
You closely miss the orc priest. The orc priest hits you with a trident!
* * * LOW HITPOINT WARNING * * *
Drink which item? (? for menu, Esc to quit)
Okay, then.
You scratch the orc priest.
The orc priest is lightly wounded.
The orc priest misses you.
You scratch the orc priest. Your bite misses the orc priest.
The orc priest is moderately wounded.
You closely miss the orc priest.
The orc priest is moderately wounded.
The orc priest hits you with a trident.
You die...
You are now level 3!
You rejoin the land of the living...
Found a chain mail.
You open the door.
Found a shattered altar of Ashenzari.
There is an open door here.
You hear the slow hiss of a distant avalanche of sand.
Found three items.
There is an open door here.
Found a sand-covered staircase.
There is a sand-covered staircase here.
The world spins around you as you enter the gateway.
You enter an ossuary!
Found a gate leading back out of this place.
There is an empty arch of ancient stone here.
A rat zombie comes into view. 4 zombies come into view.
Unknown command.
You scratch the hobgoblin zombie but do no damage.
The hobgoblin zombie hits you.
You scratch the hobgoblin zombie. You claw the hobgoblin zombie!
You destroy the hobgoblin zombie!
Makhleb accepts your kill. What do you say? t - Meow!
Orders for allies: a - Attack new target. r - Retreat! s - Stop attacking. w - Wait here. f - Follow me.
Anything else - Stay silent.
You meow for attention!
The hound zombie closely misses you.
You scratch the hound zombie. The hound zombie barely misses you.
The hound zombie misses you.
The centaur zombie completely misses you.
You scratch the centaur zombie. The centaur zombie misses you.
You scratch the centaur zombie but do no damage.
The centaur zombie barely misses you.
You scratch the centaur zombie. The centaur zombie barely misses you.
The hound zombie bites you.
Drink which item? (? for menu, Esc to quit)
Okay, then.
The hound zombie barely misses you.
An orc zombie comes into view.
You scratch the centaur zombie. The centaur zombie closely misses you.
The centaur zombie hits you!
* * * LOW HITPOINT WARNING * * *
3 zombies come into view.
Read which item? (? for menu, Esc to quit)
You cannot teleport because you are wearing an amulet of stasis. 2 zombies come into view.
A quokka zombie comes into view.
The goblin zombie hits you.
* * * LOW HITPOINT WARNING * * *
You claw the goblin zombie!
You destroy the goblin zombie!
Makhleb accepts your kill. The hound zombie barely misses you.
The centaur zombie misses you. The orc zombie hits you.
You die...
Xom laughs nastily!

###############
#.....Z@Z......
#....ZZ.Z......
#....###..Z..Z#
#...## #....##
#...# ....#
#...# .Z..#
#..## ..## #..#
Z.# #∩Z#


You could see 3 quokka zombies, a jackal zombie, a hound zombie, a big kobold
zombie, an orc zombie, an elf zombie (dormant) and a centaur zombie.

Vanquished Creatures
  Ijyb (D:3)
  A gnoll (D:4)
  3 adders
  A shadow imp (D:5)
  A giant gecko (D:4)
  2 orcs (D:5)
  A ball python (D:3)
  6 bats
  2 giant cockroaches (D:1)
  2 hobgoblins
  3 giant newts
  5 goblins
  A goblin zombie (Ossuary)
  A hobgoblin zombie (Ossuary)
  A kobold (D:1)
  A rat (D:2)
32 creatures vanquished.

Notes
Turn   | Place    | Note
--------------------------------------------------------------
     0 | D:1      | tidbits the Felid Chaos Knight began the quest for the Orb.
     0 | D:1      | Reached XP level 1. HP: 10/10 MP: 2/2
    11 | D:1      | XOM: divination: detect items
    49 | D:2      | Reached skill level 1 in Stealth
   313 | D:1      | Reached XP level 2. HP: 14/14 MP: 3/3
   383 | D:1      | Reached skill level 2 in Stealth
   403 | D:1      | XOM: silly message
   667 | D:2      | Reached XP level 3. HP: 14/17 MP: 4/4
   693 | D:3      | Found a glowing golden altar of the Shining One.
   695 | D:3      | Found a blossoming altar of Fedhas.
   763 | D:3      | Noticed Ijyb
   771 | D:3      | Killed Ijyb
   771 | D:3      | Reached skill level 4 in Unarmed Combat
   790 | D:3      | Found a burning altar of Makhleb.
   803 | D:3      | Fell from the grace of Xom
   803 | D:3      | Became a worshipper of Makhleb the Destroyer
   877 | D:3      | Found a white marble altar of Elyvilon.
  1010 | D:4      | Found a staircase to the Ecumenical Temple.
  1068 | D:4      | Reached XP level 4. HP: 21/21 MP: 5/5
  1083 | D:5      | Entered Level 5 of the Dungeon
  1104 | D:4      | Reached skill level 3 in Stealth
  1194 | D:5      | Slain by an orc priest
  1195 | D:5      | Reached XP level 3. HP: -1/17 MP: 4/4
  1197 | D:5      | Found a shattered altar of Ashenzari.
  1212 | D:5      | Found a sand-covered staircase.
  1220 | Ossuary  | Entered an ossuary
  1266 | Ossuary  | HP: 1/17 [goblin zombie (3)]
  1267 | Ossuary  | Slain by an orc zombie

Action                   |  1- 3 |  4- 6 || total
-------------------------+-------+-------++-------
Melee: Unarmed           |    59 |    17 ||    76
  Use: Scroll            |     3 |     1 ||     4
       Potion            |     2 |       ||     2
 Stab: Sleeping          |     7 |     1 ||     8
  Eat: Chunk             |     1 |     1 ||     2

Table legend:
 A = Turns spent in this place as a percentage of turns spent in the entire game.
 B = Non-inter-level travel turns spent in this place as a percentage of non-inter-level travel turns spent in the entire game.
 C = Inter-level travel turns spent in this place as a percentage of turns spent in this place.
 D = Turns resting spent in this place as a percentage of non-inter-level travel turns spent in this place.
 E = Turns spent auto-exploring this place as a percentage of non-inter-level travel turns spent in this place.
 F = Non-inter-level travel turns spent in this place divided by the number of levels of this place that you've seen.
                   A       B       C       D       E      F
               +-------+-------+-------+-------+-------+----------------------
         Total | 100.0 | 100.0 |   0.1 |   0.0 |   0.0 | 176.3
       Dungeon |  95.2 |  95.2 |   0.1 |   0.0 |   0.0 | 201.4
       Ossuary |   4.8 |   4.8 |   0.0 |   0.0 |   0.0 |  51.0
               +-------+-------+-------+-------+-------+----------------------

Table legend:
 A = Kills in this place as a percentage of kills in entire the game.
 B = Kills by you in this place as a percentage of kills by you in the entire game.
 C = Kills by friends in this place as a percentage of kills by friends in the entire game.
 D = Other kills in this place as a percentage of other kills in the entire game.
 E = Experience gained in this place as a percentage of experience gained in the entire game.
 F = Experience gained in this place divided by the number of levels of this place that you have seen.
                   A       B       C       D       E      F
               +-------+-------+-------+-------+-------+----------------------
         Total | 100.0 | 100.0 |  -nan |  -nan | 100.0 |  23.5
       Dungeon |  93.8 |  93.8 |  -nan |  -nan |  98.6 |  27.8
       Ossuary |   6.2 |   6.2 |  -nan |  -nan |   1.4 |   2.0
               +-------+-------+-------+-------+-------+----------------------

Vault maps used:
D:1:      eino_arrival_water_star
D:2:      first_bread, minivault_24, kennysheep_generic_room_7
D:3:      lemuel_doored_altar, nicolae_overflow_hidden_temple,
          grunt_qazlal_clouds, elyvilon_altar_4, uniq_iyjb
D:4:      minmay_temple_entry_fiery, serial_co_window_serial, co_window_paths_a,
          co_window_paths_a, co_window_corner_a, co_window_paths_a,
          co_window_of_opportunity_a, co_window_2corner, co_window_broadway_a,
          co_window_corner_b, co_window_2corner, co_window_unsneaky_path_a,
          co_window_4corner_a, glass_columns_b, glass_columns_a,
          glass_columns_a, glass_columns_a, grunt_decor_one_mirror
D:5:      kennysheep_ying_yang, enter_ossuary_1, nicolae_ashenzari_panopticon
Ossuary:  minmay_ossuary_two_tombs
